 Dungeon Crawl Stone Soup version 0.21.1-1-g345015fe64 (webtiles) character file.

33 DildoBatman the Sneak (level 3, 0/29 HPs)
             Began as a Formicid Enchanter on Mar 16, 2018.
             Slain by a gnoll
             ... wielding a cursed +0 flail
              (11 damage)
             ... on level 1 of the Dungeon.
             The game lasted 00:02:56 (1130 turns).

DildoBatman the Sneak (Formicid Enchanter)          Turns: 1130, Time: 00:02:57

Health: 0/29       AC:  3    Str: 13    XL:     3   Next: 47%
Magic:  6/6        EV: 12    Int: 14    God:
Gold:   65         SH:  0    Dex: 11    Spells: 2/6 levels left

rFire    . . .     SeeInvis +   e - +0 short sword (elec)
rCold    . . .     Gourm    .   (no shield)
rNeg     . . .     Faith    .   b - +0 robe
rPois    .         Spirit   .   (helmet unavailable)
rElec    .         Reflect  .   (no cloak)
rCorr    .         Harm     .   (no gloves)
MR       .....                  o - +0 pair of boots (curse)
Stlth    ++........             (no amulet)
HPRegen  0.09/turn              (no ring)
MPRegen  0.10/turn              (no ring)

@: no status effects
A: permanent stasis, dig shafts and tunnels, four strong arms, antennae 3
a: Dig, Shaft Self


You were on level 1 of the Dungeon.
You were hungry.

You visited 1 branch of the dungeon, and saw 2 of its levels.

You collected 65 gold pieces.

Inventory:

Hand Weapons
 a - a +1 dagger
 e - a +0 short sword of electrocution (weapon)
 k - a +1 hand axe of draining
Missiles
 d - 41 stones (quivered)
 l - 14 poisoned needles
Armour
 b - a +0 robe (worn)
 o - a cursed +0 pair of boots (worn)
Scrolls
 h - a scroll of teleportation {unknown}
 i - a scroll of fog {unknown}
 j - a scroll of identify {unknown}
 m - 2 scrolls of remove curse {unknown}
 n - a scroll of blinking {unknown}
 q - a scroll of amnesia {unknown}
Potions
 f - a potion of curing {unknown}
 g - 2 potions of brilliance {unknown}
 p - a potion of agility {unknown}
 r - a potion of invisibility {unknown}
Books
 c - a book of Maledictions

   Spells                             Type                      Level
   a - Corona                         Hexes                        1
   b - Ensorcelled Hibernation        Hexes/Ice                    2
   c - Confuse                        Hexes                        3
   d - Tukima's Dance                 Hexes                        3
   e - Dazzling Spray                 Conjuration/Hexes            3
Comestibles
 v - 3 rations


   Skills:
 - Level 3.0 Fighting
 - Level 1.0 Short Blades
 * Level 0.2 Armour
 * Level 1.8 Dodging
 * Level 3.7 Stealth
 - Level 2.1 Spellcasting
 - Level 3.6 Hexes


You had 2 spell levels left.
You knew the following spells:

 Your Spells              Type           Power        Failure   Level  Hunger
a - Corona                Hex            ##.....      5%          1    #......
b - Confuse               Hex            ##......     16%         3    ###....


Dungeon Overview and Level Annotations

Branches:
Dungeon (2/15)

Altars:


Innate Abilities, Weirdness & Mutations

You cannot be hasted, slowed, berserked, paralysed or teleported.
You can dig through walls and to a lower floor.
Your four strong arms can wield two-handed weapons with a shield.
You have a pair of large antennae on your head. (SInv)


Message History

Search for what [? for help]? .
Unknown command.
There is a stone staircase leading down here.
You climb downwards.
An adder and 4 gnolls come into view.
A gnoll is wielding a flail of protection.
The gnoll shouts! x3
The adder hisses angrily.
The gnoll hits you from afar with a halberd!
The gnoll barely misses you.
The gnoll shouts!
Found a glowing orange potion.
There is a stone staircase leading up here.
The gnoll hits you with a flail of protection.
The gnoll misses you. The gnoll hits you with a flail.
You climb upwards.
There is a stone staircase leading down here.
The gnoll hits you with a flail!
You die...

........# #.# ######....#......#
........####.###...##....#......#
)..#..###.......................#
...#..##...#.#.....##....#......#
...#..##...#.#..............#####
...........#.##.###..######......
.....................######......
...#.###.........##..............
...#.###.#.#.###@##.#............
...............gg................
.###.###.#.#.###.##.#.......###..
..#....#.....# #.##.#.......# #..
.##..#.#.#.#####.##.#.......# #..
.....#.#.#.#......#.#.......# #>.
.###.....#.#.###..#.#.......#####
.....#^#.#.#.# #..#.#...........#
.#####.#.#.#.###..#.#...........#


You could see 2 gnolls.

Vanquished Creatures
  A dart slug (D:1)
  A leopard gecko (D:1)
  4 bats (D:1)
  2 giant cockroaches (D:1)
  2 goblins (D:1)
  8 hobgoblins (D:1)
  3 kobolds (D:1)
  A ball python (D:1)
  A frilled lizard (D:1)
  4 rats (D:1)
  A bush (D:1)
28 creatures vanquished.

Notes
Turn   | Place    | Note
-------+----------+-------------------------------------------
     0 | D:1      | DildoBatman the Formicid Enchanter began the quest for the Orb.
     0 | D:1      | Reached XP level 1. HP: 13/13 MP: 3/3
   172 | D:1      | Reached skill level 1 in Fighting
   206 | D:1      | Reached XP level 2. HP: 20/22 MP: 3/5
   565 | D:1      | Reached XP level 3. HP: 28/28 MP: 4/6
   570 | D:1      | Learned a level 3 spell: Confuse
  1130 | D:1      | Slain by a gnoll

Skill      XL: |  1  2  3 |
---------------+----------+-----
Fighting       | 1 2 3 |  3.0
Short Blades   | |  1.0
Armour         | |  0.2
Dodging        | |  1.8
Stealth        | |  3.7
Spellcasting   | |  2.1
Hexes          | |  3.6

Action                   || total
-------------------------++-------
Melee: Short sword       ||   100
 Cast: Corona            ||     6
 Abil: Dig               ||     6
 Stab: Sleeping          ||     5
  Eat: Chunk             ||     1
Armor: Robe              ||    20
Dodge: Dodged            ||    61
